 Dungeon Crawl Stone Soup version 0.25-a0-287-g56a5b49892 (webtiles) character file.

Game seed: 5992369452275364562, levelgen mode: deterministic

22 kae the Firebug (level 2, 0/15 HPs)
             Began as a Tengu Fire Elementalist on Dec 12, 2019.
             Slain by a jackal (3 damage)
             ... on level 1 of the Dungeon.
             The game lasted 00:00:37 (738 turns).

kae the Firebug (Tengu Fire Elementalist)            Turns: 738, Time: 00:00:38

Health: 0/15       AC:  2    Str:  8    XL:     2   Next: 91%
Magic:  6/6        EV: 12    Int: 15    God:
Gold:   9          SH:  0    Dex: 14    Spells: 4/5 levels left

rFire    . . .     SeeInvis .   d - +0 mace
rCold    . . .     Gourm    .   (no shield)
rNeg     . . .     Faith    .   a - +0 robe
rPois    .         Spirit   .   (helmet restricted)
rElec    .         Reflect  .   (no cloak)
rCorr    .         Harm     .   (no gloves)
MR       .....                  (boots unavailable)
Stlth    ++........             (no amulet)
HPRegen  0.05/turn              (no ring)
MPRegen  0.10/turn              (no ring)

@: no status effects
A: beak, talons 3
a: no special abilities


You were on level 1 of the Dungeon.
You were not hungry.

You visited 1 branch of the dungeon, and saw 1 of its levels.

You collected 9 gold pieces.

Inventory:

Hand Weapons
 d - a +0 mace (weapon)
Armour
 a - a +0 robe (worn)
Jewellery
 e - an uncursed ring of flight {unknown}
Scrolls
 f - a scroll of fog {unknown}
 g - 3 scrolls of magic mapping {unknown}
 h - a scroll of remove curse {unknown}
 i - a scroll of identify {unknown}
Potions
 b - a potion of brilliance {unknown}
Comestibles
 c - a ration


   Skills:
 - Level 2.1 Dodging
 - Level 2.0 Stealth
 + Level 2.2 Spellcasting
 * Level 2.5 Conjurations
 * Level 3.8 Fire Magic


You had 4 spell levels left.
You knew the following spells:

 Your Spells              Type           Power        Failure   Level  Hunger
a - Foxfire               Conj/Fire      ##..         6%          1    #......

Your spell library contained the following spells:

 Spells                   Type           Power        Failure   Level  Hunger
 Conjure Flame            Conj/Fire      ##......     19%         3    ###....
 Inner Flame              Hex/Fire       #.......     30%         3    ###....
 Sticky Flame             Conj/Fire      ##......     52%         4    #####..
 Fireball                 Conj/Fire      ##........   86%         5    ######.


Dungeon Overview and Level Annotations

Branches:
Dungeon (1/15)

Altars:


Innate Abilities, Weirdness & Mutations

You have a beak for a mouth.
You have claws for feet.


Message History

You are too injured to fight recklessly!
You are too injured to fight recklessly!
You barely miss the jackal. You claw the jackal, but do no damage.
You peck the jackal, but do no damage. The jackal bites you.
The jackal closely misses you.
You barely miss the jackal. You claw the jackal. You peck the jackal.
The jackal is moderately wounded.
The jackal bites you. The jackal misses you.
You completely miss the jackal. You claw the jackal.
Your peck misses the jackal.
The jackal is severely wounded.
The jackal bites you.
* * * LOW HITPOINT WARNING * * *
The jackal closely misses you.
You closely miss the jackal. Your kick misses the jackal.
The jackal is severely wounded.
The jackal bites you.
* * * LOW HITPOINT WARNING * * *
The jackal bites you.
You die...

#.#..#.#.# #.####.#.#
#......#..
#############
..########?..........
.............########
#####..♣♣♣..#
#.####.♣# #♣.#
#hhh@..♣ ♣.# #.####.♣
♣.# ...♣ ... .....
... .?..... #######..
#


You could see 3 jackals.

Vanquished Creatures
  2 dart slugs (D:1)
  A leopard gecko (D:1)
  5 giant cockroaches (D:1)
  3 hobgoblins (D:1)
  A frilled lizard (D:1)
  A goblin (D:1)
  2 kobolds (D:1)
  A rat (D:1)
16 creatures vanquished.

Vanquished Creatures (others)
  16 foxfires (D:1)
16 creatures vanquished.

Grand Total: 32 creatures vanquished

Notes
Turn   | Place    | Note
-------+----------+-------------------------------------------
     0 | D:1      | kae the Tengu Fire Elementalist began the quest for the
                  | Orb.
     0 | D:1      | Reached XP level 1. HP: 10/10 MP: 4/4
    77 | D:1      | Reached XP level 2. HP: 15/15 MP: 6/6
   738 | D:1      | Slain by a jackal

Levels and vault maps discovered:
D:1:      dpeg_arrival_prison, layout_basic, ebering_dispersal_statue_hall,
          minmay_stone_trees_small, chequers_serial_rivers_room_a

Skill      XL: |  1 |
---------------+----+-----
Conjurations   | 2 |  2.5
Dodging        | |  2.1
Stealth        | |  2.0
Spellcasting   | |  2.2
Fire Magic     | |  3.8

Action                   || total
-------------------------++-------
Melee: Unarmed           ||    11
       Mace              ||    21
       Peck              ||     7
       Kick              ||     8
 Cast: Foxfire           ||    13
 Stab: Sleeping          ||     2
Armor: Robe              ||     6
Dodge: Dodged            ||    20

Table legend:
 A = Non-vault XP
 B = Vault XP
 C = Vault XP percentage of total XP
 D = Non-vault monster count
 E = Vault monster count
 F = Vault count percentage of total count
                 A         B        C        D         E       F
            +---------+---------+-------+---------+---------+-------
      Total |      21 |      11 |  34.4 |      10 |       6 |  37.5
            +---------+---------+-------+---------+---------+-------
        D:1 |      21 |      11 |  34.4 |      10 |       6 |  37.5
            +---------+---------+-------+---------+---------+-------
